 Dungeon Crawl Stone Soup version 0.25.1-2-g60ff931df9 (webtiles) character file.

Game seed: 7756634161847481917

2194 Luthien the Thaumaturge (level 9, -15/54 HPs)
             Began as a Deep Elf Conjurer on Aug 31, 2020.
             Was an Initiate of Vehumet.
             Demolished by a two-headed ogre
             ... wielding a +0 dire flail
              (22 damage)
             ... on level 8 of the Dungeon.
             The game lasted 00:22:01 (8317 turns).

Luthien the Thaumaturge (Deep Elf Conjurer)         Turns: 8317, Time: 00:22:02

Health: -15/54     AC:  5    Str:  5    XL:     9   Next: 12%
Magic:  27/33      EV: 13    Int: 30    God:    Vehumet [......]
Gold:   320        SH:  7    Dex: 15    Spells: 12/26 levels left

rFire    . . .     SeeInvis .   o - +2 dagger (protect)
rCold    . . .     Gourm    .   s - +2 buckler
rNeg     . . .     Faith    .   a - +0 robe
rPois    .         Spirit   .   I - +1 helmet
rElec    .         Reflect  .   G - +0 cloak
rCorr    .         Harm     .   (no gloves)
MR       .....                  (no boots)
Stlth    ++........             (no amulet)
HPRegen  0.18/turn              u - +6 ring of intelligence
MPRegen  0.23/turn              E - ring of magical power

@: very slightly contaminated
A: no striking features
a: Renounce Religion


You were on level 8 of the Dungeon.
You worshipped Vehumet.
Vehumet was noncommittal.
You were not hungry.

You visited 2 branches of the dungeon, and saw 9 of its levels.

You collected 320 gold pieces.

Inventory:

Hand Weapons
 o - a +2 dagger of protection (weapon)
Missiles
 d - 69 sling bullets
 g - 234 stones (quivered)
 k - 31 poisoned darts
 y - 38 bolts
Armour
 a - a +0 robe (worn)
 s - a +2 buckler (worn)
 G - a +0 cloak (worn)
 I - a +1 helmet (worn)
Jewellery
 b - an uncursed ring of stealth
 u - a +6 ring of intelligence (left hand)
 E - a ring of magical power (right hand)
 H - an uncursed ring of fire
Wands
 z - a wand of acid (11)
 B - a wand of digging (5)
Scrolls
 f - 2 scrolls of magic mapping
 i - 2 scrolls of remove curse
 l - a scroll of fog {unknown}
 n - a scroll of fear {unknown}
 q - 4 scrolls of teleportation
 r - 2 scrolls of blinking {unknown}
 w - a scroll of immolation {unknown}
 C - 2 scrolls of identify {unknown}
 D - a scroll of random uselessness {unknown}
 F - 2 scrolls of amnesia {unknown}
Potions
 e - 3 potions of flight {unknown}
 h - a potion of might {unknown}
 m - 4 potions of brilliance {unknown}
 p - 3 potions of magic {unknown}
 t - 2 potions of lignification {unknown}
 v - 6 potions of curing {unknown}
 A - a potion of mutation {unknown}
Comestibles
 c - 15 rations


   Skills:
 + Level 5.1 Fighting
 - Level 3.0 Dodging
 - Level 3.0 Stealth
 + Level 3.2 Shields
 + Level 9.0 Spellcasting
 + Level 8.4 Conjurations


You had 12 spell levels left.
You knew the following spells:

 Your Spells              Type           Power        Failure   Level  Hunger
a - Magic Dart            Conj           ####         1%          1    None
b - Searing Ray           Conj           ######       1%          2    None
i - Iskenderun's Mystic   Conj/Tloc      #####...     8%          4    None
p - Fulminant Prism       Conj/Hex       #####.....   8%          4    None
A - Dazzling Flash        Conj/Hex       #####.       2%          3    None

Your spell library contained the following spells:

 Spells                   Type           Power        Failure   Level  Hunger


Dungeon Overview and Level Annotations

Branches:
Dungeon (8/15)             Temple (1/1) D:7
   Lair: D:8-11

Altars:
Ashenzari
Cheibriados
Dithmenos
Elyvilon
Fedhas
Gozag
Hepliaklqana
Kikubaaqudgha
Makhleb
Nemelex Xobeh
Okawaru
Ru
Sif Muna
Trog
Uskayaw
Vehumet
Wu Jian
Xom
Yredelemnul
Zin
The Shining One

Annotations:
D:7 !centa


Message History

You block the two-headed ogre's attack.
Casting: Dazzling Flash (dangerous; 2% risk of failure)
Confirm with . or Enter, or press ? or * to list all spells.
The two-headed ogre hits you with a +0 dire flail.
You block the two-headed ogre's attack.
Unknown command.
Casting: Dazzling Flash (dangerous; 2% risk of failure)
Confirm with . or Enter, or press ? or * to list all spells.
The two-headed ogre is dazzled.
Things that are here:
a +0 robe; a +2 halberd The two-headed ogre barely misses you.
The two-headed ogre hits you with a +0 giant club!!
* * * LOW HITPOINT WARNING * * *
Unknown command.
Things that are here:
a +0 robe; a +2 halberd A hound skeleton comes into view.
The two-headed ogre hits you with a +0 dire flail!!
You die...

###.....##...# ...#
............# ..%.
#..........##... #.........#...
###.........#.# .# .
#..<........#.#...#
######.##..##...........#
...##..#..####.O....###
....#......#####@...## .. .#
............####..[..# .###.##
..###..(.....O#......###.......
..# ##.##.........[[....!>.....
..#######.<...........##.......
..#.# ##.............Z.......#
#...###.....##.....##........#.
##...........#.)..............#
###..>####.......##....).....##


You could see a two-headed ogre and a hound skeleton.

Vanquished Creatures
  A hungry ghost (D:8)
  An orc warrior (D:7)
  5 phantoms
  A necrophage (D:7)
  A centaur (D:7)
  2 bullfrogs
  3 wights (D:8)
  A howler monkey (D:7)
  A crimson imp (D:7)
  A bullfrog zombie (D:6)
  8 hounds
  A jelly (D:5)
  2 bullfrog skeletons (D:6)
  A centaur skeleton (D:7)
  2 orc priests
  An iron imp (D:7)
  Jessica (D:2)
  3 orc wizards
  2 iguanas
  4 worker ants
  A hound zombie (D:4)
  A worker ant zombie (D:5)
  7 gnolls (D:4)
  9 adders
  A shadow imp (D:6)
  An adder skeleton (D:7)
  2 worms (D:2)
  2 dart slugs
  5 leopard geckos
  24 orcs
  5 giant cockroaches
  6 goblins
  8 hobgoblins
  6 jackals (D:1)
  6 quokkas
  3 ball pythons
  5 bats
  11 frilled lizards
  A jackal skeleton (D:5)
  A jackal zombie (D:8)
  5 kobolds
  A leopard gecko skeleton (D:6)
  2 leopard gecko zombies
  8 rats
163 creatures vanquished.

Vanquished Creatures (others)
  10 fulminant prisms
10 creatures vanquished.

Grand Total: 173 creatures vanquished

Notes
Turn   | Place    | Note
-------+----------+-------------------------------------------
     0 | D:1      | Luthien the Deep Elf Conjurer began the quest for the Orb.
     0 | D:1      | Reached XP level 1. HP: 10/10 MP: 6/6
   378 | D:1      | Reached XP level 2. HP: 15/15 MP: 6/8
   382 | D:1      | Learned a level 2 spell: Searing Ray
  1058 | D:1      | Reached XP level 3. HP: 19/19 MP: 7/10
  1747 | D:2      | Noticed Jessica
  1754 | D:2      | Killed Jessica
  1754 | D:2      | Reached skill level 1 in Fighting
  1754 | D:2      | Reached skill level 4 in Spellcasting
  1754 | D:2      | Reached skill level 5 in Conjurations
  1754 | D:2      | Reached XP level 4. HP: 25/25 MP: 2/12
  2173 | D:2      | Found a sacrificial altar of Ru.
  2780 | D:3      | Reached XP level 5. HP: 29/29 MP: 8/13
  2932 | D:3      | Learned a level 4 spell: Fulminant Prism
  2937 | D:3      | Learned a level 4 spell: Iskenderun's Mystic Blast
  3230 | D:4      | Noticed a phantom
  3237 | D:4      | Killed a phantom
  3237 | D:4      | Reached skill level 5 in Spellcasting
  3238 | D:4      | Found a shadowy altar of Dithmenos.
  3453 | D:4      | Reached XP level 6. HP: 35/35 MP: 4/16
  3653 | D:4      | Reached skill level 6 in Spellcasting
  3761 | D:4      | Reached XP level 7. HP: 34/41 MP: 8/18
  3892 | D:4      | Found an iron altar of Okawaru.
  4212 | D:4      | Found a hide-covered altar of Uskayaw.
  4371 | D:4      | Reached skill level 7 in Spellcasting
  4695 | D:5      | Entered Level 5 of the Dungeon
  5135 | D:5      | Found a basalt altar of Yredelemnul.
  5592 | D:6      | Reached XP level 8. HP: 48/48 MP: 16/21
  5641 | D:6      | Reached skill level 1 in Shields
  7246 | D:7      | Found a snail-covered altar of Cheibriados.
  7367 | D:7      | Reached skill level 8 in Spellcasting
  7416 | D:7      | Found an ornate altar of the Wu Jian Council.
  7608 | D:7      | Found a staircase to the Ecumenical Temple.
  7617 | Temple   | Entered the Ecumenical Temple
  7680 | Temple   | Became a worshipper of Vehumet
  8000 | D:8      | Learned a level 3 spell: Dazzling Flash
  8100 | D:8      | Reached XP level 9. HP: 53/53 MP: 23/23
  8113 | D:8      | Reached skill level 5 in Fighting
  8126 | D:8      | Reached skill level 9 in Spellcasting
  8135 | D:8      | Noticed a two-headed ogre
  8317 | D:8      | Demolished by a two-headed ogre

Illustrated notes

Levels and vault maps discovered:
D:1:      minmay_arrival_up_and_down, layout_loops_ring
D:2:      minmay_chambers_of_ones, layout_basic, lemuel_crystal_altar,
          uniq_jessica
D:3:      layout_rooms
D:4:      layout_rooms, lemuel_crystal_altar, marbit_many_paths,
          nicolae_overflow_crystal_walls
D:5:      layout_loops_ring, kennysheep_mini, first_ration
D:6:      layout_cave_pods, serial_co_window_serial, co_window_paths_a,
          co_window_paths_a, co_window_paths_a, co_window_of_opportunity_a,
          co_window_paths_a, co_window_unsneaky_path_d,
          co_window_unsneaky_path_c, co_window_corner_cb, co_window_paths_d,
          glass_columns_a, glass_columns_a, glass_columns_b, glass_columns_a
D:7:      layout_rooms, lemuel_coloured_pillars_altar, slow_altar_1,
          minmay_temple_entry_mist, minmay_ruined_shrine
D:8:      layout_cave_pools, nicolae_two_hexagons, grunt_pizzeria,
          minmay_mini_ossuary
Temple:   eino_temple_water

Skill      XL: |  1  2  3  4  5  6  7  8  9 |
---------------+----------------------------+-----
Stealth        | 3 |  3.0
Dodging        | 3 |  3.0
Fighting       | 1 2 3 4 5 |  5.1
Spellcasting   | 4 5 6 7 8 9 |  9.0
Conjurations   | 5 6 7 8 |  8.4
Shields        | 3 |  3.2

Action                   |  1- 3 |  4- 6 |  7- 9 || total
-------------------------+-------+-------+-------++-------
Melee: Unarmed           |     4 |       |       ||     4
       Club              |    11 |       |       ||    11
 Cast: Magic Dart        |    61 |    57 |    75 ||   193
       Searing Ray       |     8 |    19 |    50 ||    77
       Fulminant Prism   |       |       |    10 ||    10
       Dazzling Flash    |       |       |     3 ||     3
  Use: Scroll            |       |     2 |     2 ||     4
  Eat: Chunk             |     3 |     6 |    10 ||    19
       Ration            |       |       |     1 ||     1
Armor: Robe              |     5 |       |     1 ||     6
Dodge: Dodged            |    14 |     6 |    13 ||    33
Block: Buckler           |       |       |     4 ||     4
